 Dungeon Crawl Stone Soup version 0.24-a0-769-g368c164 (webtiles) character file.

Game seed: 5418240910657061107, levelgen mode: deterministic

101 BoppinsLewinski the Twirler (level 5, -2/39 HPs)
             Began as a Human Gladiator on Oct 7, 2019.
             Killed by divine providence
             ... invoked by an orc priest
              (11 damage)
             ... on level 3 of the Dungeon.
             The game lasted 00:02:56 (2499 turns).

BoppinsLewinski the Twirler (Human Gladiator)       Turns: 2499, Time: 00:02:56

Health: -2/39      AC:  6    Str: 15    XL:     5   Next: 4%
Magic:  5/5        EV: 12    Int:  8    God:
Gold:   193        SH:  0    Dex: 15    Spells: 4/4 levels left

rFire    . . .     SeeInvis .   a - +0 quarterstaff
rCold    . . .     Gourm    .   (shield currently unavailable)
rNeg     . . .     Faith    .   k - +0 ring mail
rPois    .         Spirit   .   c - +0 helmet
rElec    .         Reflect  .   (no cloak)
rCorr    .         Harm     .   (no gloves)
MR       .....                  (no boots)
Stlth    +.........             (no amulet)
HPRegen  0.13/turn              i - ring of flight
MPRegen  0.09/turn              (no ring)

@: no status effects
A: no striking features
a: Evoke Flight


You were on level 3 of the Dungeon.
You were very hungry.

You visited 1 branch of the dungeon, and saw 3 of its levels.

You collected 193 gold pieces.

Inventory:

Hand Weapons
 a - a +0 quarterstaff (weapon)
Missiles
 d - a throwing net (quivered)
Armour
 c - a +0 helmet (worn)
 k - a +0 ring mail (worn)
Jewellery
 i - a ring of flight (left hand)
Scrolls
 h - 4 scrolls of identify {unknown}
 l - a scroll of enchant armour {unknown}
Potions
 b - a potion of flight {unknown}
 e - a potion of lignification {unknown}
 g - a potion of ambrosia {unknown}
 j - 3 potions of resistance {unknown}
Comestibles
 f - 6 rations


   Skills:
 + Level 2.7 Fighting
 * Level 4.0 Staves
 - Level 2.0 Throwing
 + Level 1.6 Armour
 + Level 3.5 Dodging
 + Level 0.0 Evocations


You had 4 spell levels left.
You didn't know any spells.
Your spell library was empty.

Dungeon Overview and Level Annotations

Branches:
Dungeon (3/15)

Altars:


Message History

Tha orc warrior struggles against tha net.
Tha net rips apart, an' tha orc warrior comes free!
Tha orc closely misses ye.
Yer rin' mail prevents ye from hittin' tha orc warrior.
Tha orc warrior be moderately wounded.
Tha orc warrior closely misses ye.
Tha orc barely misses ye.
Ye barely miss tha orc warrior.
Tha orc warrior be moderately wounded.
Tha orc warrior hits ye wit' a +0 war axe!
Tha orc hits ye from afar wit' a +0 trident.
Ye hit tha orc warrior but do nay damage.
Tha orc warrior be lightly wounded.
Tha orc warrior hits ye wit' a +0 war axe!
* * * LOW HITPOINT WARNIN'
* * * Tha orc hits ye but does nay damage.
Ye be too injured ta fight recklessly!
Ye be feelin' very hungry.
Tha orc priest calls down tha wrath o' Beogh upon ye.
Beogh smites ye!
Ye die...

##### #^..#
#.#o# #.#o# #
#o#.# .##.
#o#o# ...%.
#.#o#
#...#####o#.#
#..>.oo...#@#
......#######.#
###......# #.#
#......# #.#
##.....# #.#
#....># #.#
#.....# #.#
#######.....#
#.#
.....))<..[.#
#.#


You could see an orc warrior, an orc priest and 2 orcs.

Vanquished Creatures
  An orc wizard (D:3)
  2 adders
  A worm (D:2)
  3 dart slugs
  3 leopard geckos
  3 orcs (D:3)
  3 bats (D:1)
  3 giant cockroaches (D:1)
  5 goblins
  3 hobgoblins (D:2)
  4 frilled lizards
  6 kobolds
  3 rats
40 creatures vanquished.

Notes
Turn   | Place    | Note
-------+----------+-------------------------------------------
     0 | D:1      | BoppinsLewinski the Human Gladiator began the quest for the
                  | Orb.
     0 | D:1      | Reached XP level 1. HP: 16/16 MP: 1/1
   254 | D:1      | Reached XP level 2. HP: 19/22 MP: 2/2
   689 | D:1      | Reached XP level 3. HP: 26/27 MP: 3/3
  1124 | D:2      | Reached skill level 1 in Armour
  1693 | D:2      | Reached XP level 4. HP: 32/34 MP: 4/4
  2225 | D:3      | Reached skill level 4 in Staves
  2257 | D:3      | Reached XP level 5. HP: 25/39 MP: 5/5
  2473 | D:3      | Noticed an orc warrior
  2499 | D:3      | Killed from afar by an orc priest

Levels and vault maps discovered:
D:1:      giann_bridges, layout_basic, serial_curves, eino_curves_01,
          eino_curves_03
D:2:      layout_basic
D:3:      minmay_roachtagon, layout_basic, chequers_arboretum

Skill      XL: |  1  2  3  4 |
---------------+-------------+-----
Armour         | 1 |  1.6
Staves         | 4 |  4.0
Fighting       | |  2.7
Throwing       | |  2.0
Dodging        | |  3.5

Action                   |  1- 3 |  4- 6 || total
-------------------------+-------+-------++-------
Melee: Quarterstaff      |    84 |    54 ||   138
Throw: Throwing net      |       |     3 ||     3
  Eat: Chunk             |     2 |     2 ||     4
Armor: Leather armour    |    22 |       ||    22
       Ring mail         |       |    11 ||    11
Dodge: Dodged            |    61 |    25 ||    86

Table legend:
 A = Non-vault XP
 B = Vault XP
 C = Vault XP percentage of total XP
 D = Non-vault monster count
 E = Vault monster count
 F = Vault count percentage of total count
                 A         B        C        D         E       F
            +---------+---------+-------+---------+---------+-------
      Total |     145 |       0 |   0.0 |      40 |       0 |   0.0
            +---------+---------+-------+---------+---------+-------
        D:1 |      31 |       0 |   0.0 |      16 |       0 |   0.0
        D:2 |      51 |       0 |   0.0 |      18 |       0 |   0.0
        D:3 |      63 |       0 |   0.0 |       6 |       0 |   0.0
            +---------+---------+-------+---------+---------+-------
